 Dungeon Crawl Stone Soup version 0.27.1 (webtiles) character file.

Game seed: 10190872256133705149

19 shadowrider38 the Skirmisher (level 2, -1/16 HPs)
             Began as a Vine Stalker Fighter on Aug 21, 2021.
             Succumbed to an adder's poison
             ... on level 2 of the Dungeon.
             The game lasted 00:00:59 (770 turns).

shadowrider38 the Skirmisher (Vine Stalker Fighter)  Turns: 770, Time: 00:01:00

Health: -1/16      AC:  6    Str: 18    XL:     2   Next: 75%
Magic:  2/3        EV:  7    Int:  8    God:
Gold:   47         SH:  9    Dex: 13    Spells: 1/1 levels left

rFire    . . .     SeeInvis .   a - +0 war axe
rCold    . . .     Faith    .   c - +0 kite shield
rNeg     . . .     Spirit   +   b - +0 scale mail
rPois    .         Reflect  .   (no helmet)
rElec    .         Harm     .   (no cloak)
rCorr    .         Rampage  .   (no gloves)
Will     .....                  (no boots)
Stlth    ..........             (no amulet)
HPRegen  0.05/turn              (no ring)
MPRegen  0.08/turn              (no ring)

@: lethally poisoned (-1 -> -13)
A: fangs 2, magic shield, antimagic bite, no potion heal 2
a: no special abilities


You were on level 2 of the Dungeon.
You visited 1 branch of the dungeon, and saw 2 of its levels.

You collected 47 gold pieces.

Inventory:

Hand Weapons
 a - a +0 war axe (weapon)
Armour
 b - a +0 scale mail (worn)
 c - a +0 kite shield (worn)
Jewellery
 h - a ring of fire
Potions
 d - a potion of might
 e - a potion of ambrosia {unknown}
 f - a potion of curing {unknown}
 g - a potion of attraction {unknown}


   Skills:
 - Level 2.8 Fighting
 + Level 2.5 Axes
 - Level 2.5 Armour
 - Level 2.8 Shields


You had one spell level left.
You didn't know any spells.
Your spell library contained the following spells:

 Spells                   Type           Power      Damage    Failure   Level
 Slow                     Hex            0%         N/A       100%        2
 Confusing Touch          Hex            0%         N/A       100%        3
 Yara's Violent Unravell  Hex/Tmut       0%         3d3       100%        5


Dungeon Overview and Level Annotations

Branches:
Dungeon (2/15)

Altars:


Innate Abilities, Weirdness & Mutations

You have extremely sharp teeth.
When hurt, damage is shared between your health and your magic reserves.
Your bite disrupts and absorbs the magic of your enemies.
Potions cannot restore your health.


Message History

You block the goblin's attack. x2
You slash the goblin!
You kill the goblin!
No target in view!
No target in view!
No target in view!
No target in view!
No target in view!
Things that are here:
a +0 dagger; a goblin corpse An adder comes into view.
An adder is nearby!
An adder is nearby!
An adder is nearby!
An adder is nearby!
You hit the adder but do no damage. You block the adder's attack.
The adder bites you.
You are poisoned.
The adder poisons you!
You hit the adder. You bite the adder, but do no damage.
The adder is moderately wounded.
You feel sick. You block the adder's attack. The adder bites you.
You are more poisoned.
The adder poisons you!
You closely miss the adder.
The adder is moderately wounded.
You feel very sick. The adder bites you but does no damage.
The adder barely misses you.
You are too injured to fight recklessly!
You are too injured to fight recklessly!
You barely miss the adder. You bite the adder. You drain its power.
You feel invigorated.
The adder is moderately wounded.
You feel sick. The adder bites you.
* * * LOW HITPOINT WARNING * * *
You are more poisoned.
The adder poisons you!
The adder bites you but does no damage. x2
You barely miss the adder. Your bite misses the adder.
The adder is moderately wounded.
You die...

#... #..
#.. #..
#.# #.#
#S# #@#
#.########
#........#
########.#
#.# #.#
#.# #.#
#.#


You could see an adder.

Vanquished Creatures
  A dart slug (D:1)
  2 bats (D:1)
  2 endoplasms (D:1)
  A giant cockroach (D:1)
  2 goblins
  A hobgoblin (D:1)
  2 kobolds (D:1)
  A ball python (D:1)
  A frilled lizard (D:1)
  3 rats (D:1)
16 creatures vanquished.

Notes
Turn   | Place    | Note
-------+----------+-------------------------------------------
     0 | D:1      | shadowrider38 the Vine Stalker Fighter began the quest for
                  | the Orb.
     0 | D:1      | Reached XP level 1. HP: 11/11 MP: 2/2
   219 | D:1      | Reached XP level 2. HP: 16/16 MP: 3/3
   770 | D:2      | Succumbed to an adder's poison

Illustrated notes

Levels and vault maps discovered:
D:1:      nzn_arrival_depleted_hourglass, layout_loops_ring
D:2:      layout_basic

Skill      XL: |  1 |
---------------+----+-----
Axes           | 2 |  2.5
Fighting       | |  2.8
Armour         | |  2.5
Shields        | |  2.8

Action                   || total
-------------------------++-------
Melee: War axe           ||    32
       Bite              ||     6
Armor: Scale mail        ||    10
Dodge: Dodged            ||    11
Block: Kite shield       ||    15
